 Dungeon Crawl Stone Soup version 0.23.2-1-ga50397a6bc (webtiles) character file.

Game seed: 17183908594890157031

391 Mrkan the Chucker (level 6, 0/61 HPs)
             Began as a Troll Hunter on May 19, 2019.
             Slain by an orc wizard
             ... wielding a +0 dagger
              (2 damage)
             ... on level 4 of the Dungeon.
             The game lasted 00:05:19 (2418 turns).

Mrkan the Chucker (Troll Hunter)                    Turns: 2418, Time: 00:05:20

Health: 0/61       AC:  6    Str: 23    XL:     6   Next: 50%
Magic:  5/5        EV: 10    Int:  7    God:
Gold:   238        SH:  0    Dex: 10    Spells: 5/5 levels left

rFire    . . .     SeeInvis .   (no weapon)
rCold    . . .     Gourm    +   (no shield)
rNeg     . . .     Faith    .   b - +0 robe
rPois    .         Spirit   .   (helmet restricted)
rElec    .         Reflect  .   (no cloak)
rCorr    .         Harm     .   (gloves unavailable)
MR       .....                  (boots unavailable)
Stlth    +.........             (no amulet)
HPRegen  0.60/turn              (no ring)
MPRegen  0.09/turn              (no ring)

@: no status effects
A: large, unfitting armour, claws 3, fast metabolism 3, gourmand, regeneration
1, shaggy fur 1, tough skin 3
a: no special abilities


You were on level 4 of the Dungeon.
You were not hungry.

You visited 1 branch of the dungeon, and saw 4 of its levels.

You collected 238 gold pieces.

Inventory:

Missiles
 c - 5 large rocks (quivered)
 d - 2 throwing nets
Armour
 b - a +0 robe (worn)
Jewellery
 l - a cursed ring of attention {unknown}
 n - a +4 amulet of reflection {unknown}
Wands
 i - a wand of disintegration (13)
Scrolls
 a - 6 scrolls of identify {unknown}
 e - a scroll of amnesia {unknown}
 j - a scroll of blinking {unknown}
 k - a scroll of enchant weapon {unknown}
 o - a scroll of immolation {unknown}
Potions
 m - a potion of might {unknown}
 p - a potion of berserk rage {unknown}
 q - a potion of brilliance {unknown}
Comestibles
 f - 5 rations


   Skills:
 + Level 3.4 Fighting
 * Level 6.3 Throwing
 - Level 1.5 Dodging
 - Level 0.3 Stealth


You had 5 spell levels left.
You didn't know any spells.
Your spell library contained the following spells:

 Spells                   Type           Power        Failure   Level  Hunger
 Magic Dart               Conj           #...         43%         1    ##.....
 Blink                    Tloc           N/A          56%         2    ###....
 Call Imp                 Summ           #.......     56%         2    ###....
 Slow                     Hex            #.......     56%         2    ###....
 Conjure Flame            Conj/Fire      #.......     80%         3    ####...
 Mephitic Cloud           Conj/Pois/Air  #.......     80%         3    ####...


Dungeon Overview and Level Annotations

Branches:
Dungeon (4/15)
 Temple: D:4-7

Altars:
Dithmenos
Elyvilon
Xom


Innate Abilities, Weirdness & Mutations

You are too large for most types of armour.
You have claws for hands.
Your metabolism is lightning-fast.
You like to eat raw meat.
Your natural rate of healing is unusually fast.
You are covered in fur. (AC +1)
You have extremely tough skin. (AC +3)


Message History

* * * LOW HITPOINT WARNING * * *
You hear some strange, mumbled words.
A puff of frost appears from out of thin air!
The puff of frost hits you!
* * * LOW HITPOINT WARNING * * *
It was a potion of magic.
Magic courses through your body.
You feel sick. Something hits you.
* * * LOW HITPOINT WARNING * * *
Something hits you but does no damage. x2; The orc misses you.
You hear some strange, mumbled words.
A puff of frost appears from out of thin air!
The puff of frost misses you. Something hits you but does no damage.
Something hits you.
* * * LOW HITPOINT WARNING * * *
You feel sick.
You are no longer poisoned.
Something hits you.
* * * LOW HITPOINT WARNING * * *
Something hits you.
You die...

#...........#
#..###.#....#
....#...#.<..#
.## #o#.######
....##)##
#.###...##
#.##.....##
#.#.o.....#
#.@..._.....#
#.#.......#.#
#.##.....##.#
>. ##...## #
### ##.## ...
.... ...


You could see an orc.

Vanquished Creatures
  Sigmund (D:3)
  A scorpion (D:4)
  An orc priest (D:3)
  An orc wizard (D:4)
  5 adders
  2 worms (D:2)
  A dart slug (D:2)
  9 orcs
  4 giant cockroaches
  9 hobgoblins
  2 jackals (D:2)
  10 kobolds
  2 quokkas (D:2)
  8 bats
  5 frilled lizards
  9 goblins
  7 rats
77 creatures vanquished.

Notes
Turn   | Place    | Note
-------+----------+-------------------------------------------
     0 | D:1      | Mrkan the Troll Hunter began the quest for the Orb.
     0 | D:1      | Reached XP level 1. HP: 19/19 MP: 0/0
   175 | D:1      | Reached XP level 2. HP: 28/28 MP: 1/1
   245 | D:1      | Reached skill level 4 in Throwing
   934 | D:2      | Found a shimmering altar of Xom.
   957 | D:2      | Reached XP level 3. HP: 32/35 MP: 2/2
  1227 | D:2      | Reached XP level 4. HP: 42/44 MP: 3/3
  1783 | D:3      | Reached skill level 5 in Throwing
  1822 | D:3      | Reached XP level 5. HP: 47/50 MP: 4/4
  1991 | D:3      | Noticed Sigmund
  2133 | D:3      | HP: 1/52 [something/magic dart (5)]
  2234 | D:3      | Killed Sigmund
  2234 | D:3      | Reached skill level 6 in Throwing
  2234 | D:3      | Reached XP level 6. HP: 42/61 MP: 5/5
  2381 | D:4      | Found a shadowy altar of Dithmenos.
  2388 | D:4      | Found a white marble altar of Elyvilon.
  2416 | D:4      | HP: 3/61 [something (2)]
  2418 | D:4      | Slain by an orc wizard

Skill      XL: |  1  2  3  4  5 |
---------------+----------------+-----
Throwing       | 4 5 6 |  6.3
Fighting       | 2 3 |  3.4
Dodging        | |  1.5
Stealth        | |  0.3

Action                   |  1- 3 |  4- 6 || total
-------------------------+-------+-------++-------
Melee: Unarmed           |   120 |   144 ||   264
  Use: Potion            |       |     2 ||     2
 Stab: Sleeping          |     1 |     2 ||     3
  Eat: Chunk             |     5 |    12 ||    17
       Ration            |     1 |       ||     1
Armor: Robe              |    72 |    55 ||   127
Dodge: Dodged            |    76 |    79 ||   155
